 Dungeon Crawl Stone Soup version 0.25.0-46-gbd7b0854d2 (webtiles) character file.

Game seed: 10429347440796514316

81929 KleinerIrrer the Frost Mage (level 14, 0/88 HPs)
             Began as a Demigod Ice Elementalist on July 15, 2020.
             Slain by a spatial maelstrom (5 damage)
             ... on level 2 of the Abyss on July 16, 2020.
             The game lasted 01:28:12 (26532 turns).

KleinerIrrer the Frost Mage (DgIE)                 Turns: 26532, Time: 01:28:12

Health: 0/88       AC: 18    Str: 11      XL:     14   Next: 88%
Magic:  18/46      EV: 14    Int: 29 (30) God:
Gold:   943        SH:  0    Dex: 12      Spells: 21/41 levels left

rFire    . . .     SeeInvis .   B - +0 falchion (distort)
rCold    . . .     Gourm    .   (no shield)
rNeg     . . .     Faith    .   O - +4 ring mail {rPois}
rPois    +         Spirit   .   Q - +1 helmet {Int+3}
rElec    .         Reflect  .   p - +1 cloak
rCorr    .         Harm     .   (no gloves)
MR       ++...     Rnd*Rage +   m - +2 pair of boots
Stlth    +.........             C - amulet of the acrobat
HPRegen  0.00/turn              z - ring of magical power
MPRegen  0.30/turn              L - ring of protection from magic

@: frozen ramparts, hasted, very quick
A: [berserk 1], [blurry vision 2], [clumsy 2], [deterioration 1], [frail 2],
high mp 1, [inhibited regeneration]
a: no special abilities


You were on level 2 of the Abyss.
You were hungry.

You visited 3 branches of the dungeon, and saw 20 of its levels.
You visited the Abyss 1 time.
You also visited: Bailey and Volcano.

You collected 1831 gold pieces.
You spent 888 gold pieces at shops.

Inventory:

Hand Weapons
 B - a +0 falchion of distortion (weapon)
Missiles
 f - 367 stones (quivered)
 y - 2 throwing nets
 A - 4 atropa-tipped darts
 X - 21 silver javelins
Armour
 m - a +2 pair of boots (worn)
 p - a +1 cloak (worn)
 O - a +4 ring mail of poison resistance (worn)
 Q - a +1 helmet of intelligence (worn)
Jewellery
 g - an uncursed ring of fire
 z - a ring of magical power (left hand)
 C - an amulet of the acrobat (around neck)
 L - a ring of protection from magic (right hand)
Wands
 s - a wand of digging (3)
 w - a wand of flame (23)
 x - a wand of polymorph (15)
 K - a wand of paralysis (20)
 U - a wand of acid (8)
 V - a wand of iceblast (7)
Scrolls
 a - 5 scrolls of fear
 b - 13 scrolls of teleportation
 d - 8 scrolls of enchant weapon
 i - 9 scrolls of remove curse
 j - a scroll of noise {unknown}
 k - 2 scrolls of amnesia
 l - 3 scrolls of blinking
 u - 2 scrolls of fog
 E - a scroll of silence {unknown}
 M - 3 scrolls of enchant armour
 P - 4 scrolls of summoning
 T - 2 scrolls of magic mapping
 W - a scroll of immolation {unknown}
 Z - a scroll of torment {unknown}
Potions
 e - 5 potions of might
 h - 3 potions of lignification
 n - 2 potions of heal wounds
 o - 3 potions of flight
 r - 3 potions of haste
 t - 5 potions of resistance
 v - 2 potions of stabbing
 D - a potion of cancellation
 G - 3 potions of mutation
 H - 4 potions of brilliance
 I - 2 potions of invisibility
 J - 3 potions of berserk rage
 N - a potion of magic
 S - 4 potions of curing
Miscellaneous
 Y - a lightning rod (4/4)
Comestibles
 c - 29 rations


   Skills:
 + Level 6.4 Fighting
 + Level 7.9 Armour
 + Level 8.1 Dodging
 - Level 1.7 Stealth
 + Level 14.0 Spellcasting
 - Level 2.0 Summonings
 + Level 14.7 Ice Magic


You had 21 spell levels left.
You knew the following spells:

 Your Spells              Type           Power        Failure   Level  Hunger
a - Freeze                Ice            ####         0%          1    None
b - Frozen Ramparts       Ice            ######       1%          3    None
c - Ozocubu's Armour      Chrm/Ice       ######..     1%          3    None
d - Summon Ice Beast      Ice/Summ       ######..     1%          4    None
e - Hailstorm             Conj/Ice       ######..     2%          4    None
f - Blink                 Tloc           N/A          8%          2    None
g - Mephitic Cloud        Conj/Pois/Air  ###.....     16%         3    None

Your spell library contained the following spells:

 Spells                   Type           Power        Failure   Level  Hunger
 Ice Form                 Ice/Tmut       ######..     2%          4    None
 Call Imp                 Summ           ####....     3%          2    None
 Beastly Appendage        Tmut           ###...       4%          1    None
 Corona                   Hex            ###....      4%          1    None
 Foxfire                  Conj/Fire      ###.         4%          1    None
 Magic Dart               Conj           ###.         4%          1    None
 Corpse Rot               Necr/Air       N/A          8%          2    None
 Slow                     Hex            ###.....     8%          2    None
 Sticks to Snakes         Tmut           ###.....     8%          2    None
 Sublimation of Blood     Necr           ###.......   8%          2    None
 Conjure Flame            Conj/Fire      ###.....     16%         3    None
 Inner Flame              Hex/Fire       ###.....     16%         3    None
 Portal Projectile        Hex/Tloc       ###...       16%         3    None
 Spider Form              Tmut/Pois      ###.......   16%         3    None
 Cause Fear               Hex            ###.......   45%         4    None
 Dispel Undead            Necr           ###.....     45%         4    None
 Leda's Liquefaction      Hex/Erth       ###.......   45%         4    None
 Sticky Flame             Conj/Fire      ###.....     45%         4    None
 Agony                    Necr           ###.....     80%         5    None
 Blade Hands              Tmut           ###.......   80%         5    None
 Excruciating Wounds      Chrm/Necr      ###.......   80%         5    None
 Fireball                 Conj/Fire      ###.......   80%         5    None
 Irradiate                Conj/Tmut      ###.......   80%         5    None
 Hydra Form               Tmut           ###.......   100%        6    ####...
 Statue Form              Tmut/Erth      ###......    100%        6    ####...
 Dragon Form              Tmut           ###.......   100%        7    #####..


Dungeon Overview and Level Annotations

Branches:
Dungeon (12/15)            Temple (0/1) D:5            Lair (6/6) D:9
 Shoals (0/4) Lair:4       Spider (0/4) Lair:4        Slime (0/5) Lair:6
    Orc (2/2) D:10            Elf (0/3) Orc:2        Bailey (visited)
Volcano (visited)

Shops:
D:4 (   D:6 *?!   D:9 ?   D:11 [   Orc:1 [((   Orc:2 [*}:

Annotations:
D:12 1 transporter, qipq's ghost, journeyman DEWz


Innate Abilities, Weirdness & Mutations

You have an increased reservoir of magic. (+10% MP)
[You tend to lose your temper in combat.]
[Scrolls take you longer to read.]
[You are very clumsy. (Dex -4)]
[Your body sometimes deteriorates upon taking damage.]
[You are very frail. (-20% HP)]
[You do not regenerate when monsters are visible.]


Message History

Space warps horribly around your ice beast!!
The spatial maelstrom hits your ice beast.
Space bends around your ice beast.
The spatial vortex resists.
The wall freezes the spatial vortex.
The spatial maelstrom completely resists.
The wall freezes the spatial maelstrom but do no damage.
The spatial maelstrom hits your ice beast!
Your ice beast dies!
Found a human skeleton.
The spatial vortex resists.
The wall freezes the spatial vortex.
The spatial maelstrom resists.
The wall freezes the spatial maelstrom.
The spatial vortex resists.
The wall freezes the spatial vortex.
The spatial maelstrom resists.
The wall freezes the spatial maelstrom.
Unknown command.
Okay, then.
You feel yourself speed up.
The spatial vortex resists.
The wall freezes the spatial vortex.
The spatial maelstrom hits you!
* * * LOW HITPOINT WARNING * * *
Space bends around you.
You die...

.... #. #. . .. . #.#.
. . .. #.. ... . #.
####.# . . ## ...# #..
. ..... ....## .####.
...... ... ....# .#.##
#.#.. #######..Y# ...#
#....##.......#.#..#..
#÷.@v....... #...#
#.≈P.#..###### .# . .#
#....##..###.##.# .#.
#...# .......#.# .#
#...#...#÷...#.# .
#...#...≈P....#.# ###
#.#.v...... #
.#...#..... . .#..#
#..#P.#


You could see a spatial maelstrom.

Vanquished Creatures
  An orc warlord (Bailey)
  A minotaur (Lair:5)
  A dire elephant (Lair:6)
  The ghost of Vig Uhad the Martial Artist, a journeyman OpTm of Cheibriados (Lair:5)
  2 hydras
  4 ogre magi (Orc:2)
  17 two-headed ogres
  6 death yaks (Lair:1)
  Nergalle (Lair:4)
  A wretched star (Abyss:2)
  A sea snake (Lair:6)
  A lindwurm (Lair:2)
  2 orc knights
  A harpy (Lair:6)
  2 orc sorcerers
  An ugly thing (D:11)
  A wolf spider (Lair:4)
  2 cyclopes
  4 oklob plants (Lair:5)
  2 manticores
  A smoke demon (Abyss:2)
  10 spiny frogs
  4 elephants
  2 black mambas
  6 rime drakes
  5 komodo dragons
  2 meliai (D:12)
  5 hornets
  A troll (D:11)
  3 polar bears (Lair:6)
  3 hippogriffs
  Sigmund (D:6)
  A ynoxinul (Abyss:2)
  3 redbacks (Lair:4)
  Eustachio (D:6)
  26 yaks
  4 basilisks
  2 wraiths (D:9)
  4 wyverns
  2 vampire mosquitoes (D:12)
  3 wargs (Orc:1)
  An acid dragon (D:11)
  A hell hound (Abyss:2)
  6 water moccasins
  13 porcupines
  5 sky beasts
  16 orc warriors
  2 phantoms
  24 ogres
  18 wolves
  7 centaurs
  9 crocodiles
  10 bullfrogs
  6 scorpions
  16 killer bees
  A nameless horror (Bailey)
  5 wights
  2 electric eels (Lair:3)
  9 howler monkeys
  4 crimson imps
  3 lava snakes (Volcano)
  7 jellies
  2 bullfrog zombies
  4 hounds
  20 orc wizards
  A human zombie (D:9)
  9 orc priests
  An iguana (D:9)
  11 worker ants
  A human skeleton (D:9)
  A hound skeleton (D:4)
  3 mummies (D:9)
  A howler monkey zombie (D:10)
  A worker ant zombie (D:7)
  5 gnolls
  12 adders
  A shadow imp (D:8)
  2 oozes
  An adder zombie (D:6)
  3 worms
  2 dart slugs (D:1)
  2 leopard geckos
  63 orcs
  4 giant cockroaches
  11 goblins
  11 hobgoblins
  12 jackals
  7 quokkas
  2 ball pythons (D:2)
  A ball python skeleton (D:4)
  5 bats
  5 frilled lizards
  2 giant cockroach zombies
  17 kobolds
  A quokka zombie (D:6)
  2 rats
  A fungus (Lair:5)
  4 plants
537 creatures vanquished.

Vanquished Creatures (collateral kills)
  A merfolk avatar (Lair:6)
  3 skeletal warriors (D:10)
  A hungry ghost (D:7)
  An orc warrior (D:7)
  A phantom (D:7)
  An ice beast (D:7)
  A centaur (D:7)
  A bullfrog (D:10)
  A nameless horror (D:9)
  7 wights
  A crimson imp (D:7)
  An orc wizard (D:7)
  An orc (D:7)
21 creatures vanquished.

Vanquished Creatures (others)
  2 elephants
  A centaur skeleton (D:11)
  A spiny frog (Lair:3)
  A komodo dragon (Lair:6)
  3 yaks
  2 wyverns (Lair:6)
  A hornet zombie (D:9)
  A necrophage (D:10)
  2 crocodiles
  An elf zombie (D:9)
  A crimson imp (D:7)
  A quasit (D:10)
  A human zombie (D:9)
  An orc wizard (Orc:1)
  A worker ant zombie (D:7)
  An adder (D:6)
  An adder zombie (D:8)
  A dart slug (D:4)
  An orc (D:4)
  A giant cockroach (D:5)
  A kobold (Bailey)
  12 fungi
  14 plants
52 creatures vanquished.

Grand Total: 610 creatures vanquished

Notes
Turn   | Place    | Note
-------+----------+-------------------------------------------
     0 | D:1      | KleinerIrrer the Demigod Ice Elementalist began the quest
                  | for the Orb.
     0 | D:1      | Reached XP level 1. HP: 14/14 MP: 5/5
   415 | D:1      | Reached XP level 2. HP: 19/20 MP: 2/7
  1480 | D:2      | Reached XP level 3. HP: 25/26 MP: 7/9
  1727 | D:2      | Learned a level 3 spell: Frozen Ramparts
  2412 | D:3      | Reached XP level 4. HP: 33/33 MP: 9/11
  3430 | D:4      | Reached XP level 5. HP: 39/39 MP: 9/13
  3520 | D:4      | Found a sparkling altar of Nemelex Xobeh.
  3667 | D:4      | Reached skill level 5 in Ice Magic
  3690 | D:4      | Found a glowing silver altar of Zin.
  3691 | D:4      | Found a shadowy altar of Dithmenos.
  3692 | D:4      | Found a hazy altar of Hepliaklqana.
  3870 | D:4      | Reached XP level 6. HP: 35/46 MP: 11/15
  4159 | D:4      | Found a shimmering altar of Xom.
  4161 | D:4      | Found Opunask's Antique Weapon Shoppe.
  5351 | D:5      | Entered Level 5 of the Dungeon
  5356 | D:5      | Learned a level 3 spell: Ozocubu's Armour
  5361 | D:5      | Learned a level 4 spell: Summon Ice Beast
  5564 | D:5      | Found a staircase to the Ecumenical Temple.
  5631 | D:5      | Reached XP level 7. HP: 44/51 MP: 14/17
  5720 | D:5      | Reached skill level 5 in Spellcasting
  6279 | D:6      | Found Rues's Distillery.
  6297 | D:6      | Bought a potion of brilliance for 40 gold pieces
  6297 | D:6      | Bought a potion of invisibility for 80 gold pieces
  6297 | D:6      | Bought a potion of berserk rage for 50 gold pieces
  6308 | D:6      | Noticed Eustachio
  6446 | D:6      | Reached skill level 1 in Fighting
  6464 | D:6      | Killed Eustachio
  6464 | D:6      | Reached skill level 1 in Summonings
  6751 | D:6      | Reached XP level 8. HP: 54/59 MP: 14/20
  6756 | D:6      | Noticed Sigmund
  6775 | D:6      | Killed Sigmund
  6994 | D:6      | Found Singos's General Store.
  7015 | D:6      | Bought a scroll of identify for 24 gold pieces
  7397 | D:6      | Found Qeim's Magic Scroll Emporium.
  7403 | D:6      | Bought a scroll of identify for 30 gold pieces
  7604 | D:7      | Found a flagged portal.
  7625 | Bailey   | Entered a bailey
  7630 | Bailey   | Noticed an orc warlord
  7673 | Bailey   | Learned a level 4 spell: Hailstorm
  7838 | Bailey   | Noticed an orc knight
  7858 | Bailey   | Killed an orc knight
  7858 | Bailey   | Reached skill level 1 in Armour
  7858 | Bailey   | Reached XP level 9. HP: 67/67 MP: 24/24
  7931 | Bailey   | Found a runed translucent gate.
  7931 | Bailey   | Found a runed translucent gate.
  7931 | Bailey   | Found a runed translucent gate.
  8094 | Bailey   | Killed an orc warlord
  8566 | D:7      | Found a snail-covered altar of Cheibriados.
  9093 | D:7      | Noticed a two-headed ogre
  9123 | D:7      | Killed a two-headed ogre
  9123 | D:7      | Reached XP level 10. HP: 73/73 MP: 27/27
  9962 | D:9      | Reached skill level 10 in Ice Magic
 10231 | D:9      | Found Zenn's Magic Scroll Shop.
 10318 | D:9      | Got a crude ring mail
 10330 | D:9      | Identified the +3 ring mail of Bolyrgh {Int+2} (You found
                  | it on level 9 of the Dungeon)
 10331 | D:9      | Found a basalt altar of Yredelemnul.
 10340 | D:9      | Reached skill level 5 in Dodging
 10340 | D:9      | Reached XP level 11. HP: 85/85 MP: 29/29
 10341 | D:9      | Reached skill level 5 in Fighting
 10341 | D:9      | Reached skill level 5 in Armour
 10341 | D:9      | Reached skill level 10 in Spellcasting
 10341 | D:9      | Reached XP level 12. HP: 94/94 MP: 30/30
 10904 | D:9      | Found an ancient bone altar of Kikubaaqudgha.
 11019 | D:9      | Found a bloodstained altar of Trog.
 11133 | D:9      | Found a staircase to the Lair.
 11419 | Lair:1   | Entered Level 1 of the Lair of Beasts
 11419 | Lair:1   | Noticed a four-headed hydra
 11452 | D:9      | Killed a five-headed hydra
 11866 | Lair:1   | Found a bloodstained altar of Trog.
 12112 | Lair:1   | Reached XP level 13. HP: 75/102 MP: 33/33
 12562 | Lair:2   | Found a gate leading to a gauntlet.
 12595 | Lair:2   | Found a dark tunnel.
 12702 | Volcano  | Entered a volcano
 14080 | Lair:3   | Found a sparkling altar of Nemelex Xobeh.
 15622 | Lair:4   | Found a hole to the Spider Nest.
 15728 | Lair:4   | Noticed Nergalle
 15743 | Lair:4   | Killed Nergalle
 16135 | Lair:4   | Found a staircase to the Shoals.
 16741 | Lair:5   | Found a runed translucent gate.
 16741 | Lair:5   | Found a runed translucent gate.
 16741 | Lair:5   | Found a runed translucent gate.
 16750 | Lair:5   | Noticed a minotaur
 17307 | Lair:5   | Noticed Vig Uhad's ghost (journeyman OpTm)
 17335 | Lair:5   | Killed Vig Uhad's ghost
 17345 | Lair:5   | Killed a minotaur
 17780 | Lair:6   | Entered Level 6 of the Lair of Beasts
 18060 | Lair:6   | Found a viscous altar of Jiyva.
 18060 | Lair:6   | Found a staircase to the Slime Pits.
 18413 | Lair:6   | Noticed a dire elephant
 18504 | Lair:6   | Killed a dire elephant
 18828 | Lair:6   | Reached XP level 14. HP: 37/110 MP: 35/35
 20247 | D:10     | Entered Level 10 of the Dungeon
 20878 | D:10     | Found a staircase to the Orcish Mines.
 21486 | Orc:1    | Entered Level 1 of the Orcish Mines
 21486 | Orc:1    | Found Uhiseog's Weapon Emporium.
 21554 | Orc:1    | Found Xuchud Ylica's Armour Boutique.
 21832 | Orc:1    | Found Waaturir's Weapon Boutique.
 21957 | Orc:2    | Entered Level 2 of the Orcish Mines
 23444 | Orc:2    | Found a staircase to the Elven Halls.
 24153 | Orc:2    | Found Ocydghue's Gadget Emporium.
 24153 | Orc:2    | Found Cixen's Book Shop.
 24154 | Orc:2    | Found Besid's Armour Boutique.
 24154 | Orc:2    | Found Yvoeq's General Store.
 24164 | Orc:2    | Bought a book of Minor Magic for 300 gold pieces
 24167 | Orc:2    | Learned a level 2 spell: Blink
 24171 | Orc:2    | Learned a level 3 spell: Mephitic Cloud
 24460 | Orc:2    | Bought a +4 ring mail of poison resistance for 364 gold
                  | pieces
 24808 | D:11     | Found a sparkling altar of Nemelex Xobeh.
 24879 | D:11     | Found Dier's Armour Boutique.
 26350 | D:12     | Noticed qipq's ghost (journeyman DEWz)
 26360 | D:12     | Found a transporter.
 26375 | D:12     | Found a transporter.
 26390 | D:12     | Cast into level 2 of the Abyss (qipq's ghost)
 26532 | Abyss:2  | Slain by a spatial maelstrom

Illustrated notes

Levels and vault maps discovered:
D:1:      lemuel_arrival_hallway, layout_loops_cross
D:2:      layout_basic, st_stairs_5
D:3:      layout_loops_corners
D:4:      layout_cave_pods, lemuel_crystal_altar,
          nemelex_xobeh_ov_fountains_minmay,
          chequers_temple_overflow_statue_of_worship, first_ration,
          serial_shops, nicolae_shop_statue_plus, hangedman_decor_points
D:5:      layout_basic, minmay_temple_entry_butterflies, hangedman_decor_lopped
D:6:      layout_gridville, serial_shops,
          nicolae_shop_temple_entry_statues_fountains, nicolae_shop_stone,
          nicolae_shop_waterfront, minmay_starry_boxes, uniq_eustachio,
          uniq_sigmund
D:7:      layout_basic, cheibriados_altar_1, enter_bailey_3, grunt_ogre_cave,
          corexii_item_surrounded_by_moat
D:8:      layout_cave_pools, grunt_ministairs_15
D:9:      layout_basic, lemuel_mausoleum_altar_kikubaaqudgha,
          lemuel_coloured_pillars_altar, marbit_many_paths,
          minmay_lair_entry_grove, serial_shops, nicolae_shop_trees
D:10:     layout_roguey, orc_0_dummy
D:11:     layout_layer_cave, basic_altar, serial_shops, kennysheep_mini_moat
D:12:     layout_long_grid, gammafunk_ghost_hive, hangedman_decor_peaks_small
Lair:1:   layout_loops_ring, basic_altar, infiniplex_staircase_pool_2
Lair:2:   statuecave_lemuel, layout_gridlike, gauntlet_entry_generic,
          serial_forest, infiniplex_forest_clump_tiny, infiniplex_forest_split,
          infiniplex_forest_straight_4, infiniplex_forest_straight_2,
          infiniplex_forest_lined_room_2, infiniplex_forest_corner_2,
          infiniplex_forest_corner_1, nicolae_volcano_entry_vermiform
Lair:3:   layout_gridlike, basic_altar, beast_lair_carwin_7,
          serial_bayou_shore_b, lemuel_fruit_fields, serial_bayou_shore_a
Lair:4:   layout_roguey, minmay_shoals_entry_centaurs,
          spider_nest_entry_funnel_web, uniq_nergalle
Lair:5:   layout_regular_city, maelrawn_ghost_gauntlet_escape,
          minmay_lair_oklob_chamber
Lair:6:   gammafunk_lair_ancient_temple, layout_cave_pods, slime_altar_1
Orc:1:    layout_diamond_mine, serial_shops, nicolae_shop_window_shopping, shop,
          shop
Orc:2:    st_orc_ogre_mass, layout_caves
Abyss:2:  base: Lair:1, hangedman_abyss_batty_box,
          evilmike_abyss_exit_mutagenic, evilmike_abyss_exit_15,
          hangedman_abyss_feature_spike

Skill      XL: |  1  2  3  4  5  6  7  8  9 10 11 12 13 14 |
---------------+-------------------------------------------+-----
Ice Magic      | 4 5 6 8 9 10 11 12 13 14 | 14.7
Spellcasting   | 2 3 4 5 7 8 9 10 11 12 14 | 14.0
Dodging        | 2 3 5 6 7 8 |  8.1
Fighting       | 1 2 4 5 6 |  6.4
Summonings     | 1 2 |  2.0
Armour         | 1 3 4 5 6 7 |  7.9
Stealth        | |  1.7

Action                   |  1- 3 |  4- 6 |  7- 9 | 10-12 | 13-15 || total
-------------------------+-------+-------+-------+-------+-------++-------
Melee: Short sword       |    24 |     5 |       |       |       ||    29
       Unarmed           |     1 |       |       |       |       ||     1
       Falchion          |       |    48 |    67 |    73 |    96 ||   284
Throw: Stone             |    13 |    15 |     1 |       |     7 ||    36
 Cast: Freeze            |    48 |    16 |     3 |       |     1 ||    68
       Frozen Ramparts   |     1 |    24 |    52 |    58 |   182 ||   317
       Summon Ice Beast  |       |       |    16 |    10 |    26 ||    52
       Hailstorm         |       |       |       |       |    97 ||    97
Evoke: Wand              |       |       |       |       |     7 ||     7
  Use: Scroll            |     3 |     5 |     3 |     4 |    10 ||    25
       Potion            |       |       |     1 |     2 |     1 ||     4
 Stab: Sleeping          |     3 |     3 |       |       |       ||     6
  Eat: Chunk             |     5 |    11 |    10 |    10 |    34 ||    70
       Ration            |       |       |     1 |       |     3 ||     4
Armor: Robe              |    13 |    11 |    10 |       |       ||    34
       Leather armour    |       |       |    13 |    15 |       ||    28
       Ring mail         |       |       |       |    28 |   165 ||   193
Dodge: Dodged            |    24 |    37 |   132 |    97 |   830 ||  1120
Block: Other             |     7 |    16 |    11 |       |       ||    34
       Reflection        |       |     3 |     1 |       |       ||     4
       Rpst.: Falchion   |       |     9 |    18 |    27 |   205 ||   259
